 Dungeon Crawl Stone Soup version 0.23.2-33-g5129a83184 (webtiles) character file.

Game seed: 4578477575119422614

199 psyvane the Cudgeler (level 5, 0/41 HPs)
             Began as a Draconian Warper on July 8, 2019.
             Slain by a worker ant (4 damage)
             ... on level 4 of the Dungeon.
             The game lasted 00:15:05 (4306 turns).

psyvane the Cudgeler (Draconian Warper)             Turns: 4306, Time: 00:15:06

Health: 0/41       AC:  5    Str: 13    XL:     5   Next: 48%
Magic:  8/17       EV: 12    Int: 14    God:
Gold:   119        SH:  0    Dex: 11    Spells: 1/8 levels left

rFire    . . .     SeeInvis .   a - +0 mace
rCold    . . .     Gourm    .   (no shield)
rNeg     . . .     Faith    .   (armour unavailable)
rPois    .         Spirit   .   (helmet restricted)
rElec    .         Reflect  .   (no cloak)
rCorr    .         Harm     .   (no gloves)
MR       .....                  (no boots)
Stlth    +.........             (no amulet)
HPRegen  0.13/turn              e - ring of magical power
MPRegen  0.15/turn              (no ring)

@: lethally poisoned (0 -> -11), very slightly contaminated
A: unfitting armour, cold-blooded, AC +5
a: no special abilities


You were on level 4 of the Dungeon.
You were hungry.

You visited 1 branch of the dungeon, and saw 4 of its levels.

You collected 119 gold pieces.

Inventory:

Hand Weapons
 a - a +0 mace (weapon)
Missiles
 d - 5 tomahawks of dispersal (quivered)
Jewellery
 e - a ring of magical power (left hand)
Wands
 m - a wand of random effects (19)
Scrolls
 b - a scroll of teleportation
 c - 2 scrolls of blinking
 h - 3 scrolls of remove curse
 i - a scroll of random uselessness {unknown}
 n - a scroll of amnesia {unknown}
 o - a scroll of fear {unknown}
Potions
 g - a potion of degeneration
Comestibles
 f - 3 rations


   Skills:
 - Level 2.1 Fighting
 - Level 5.4 Maces & Flails
 - Level 0.8 Throwing
 - Level 2.1 Dodging
 - Level 2.0 Spellcasting
 + Level 0.2 Charms
 * Level 3.5 Translocations


You had one spell level left.
You knew the following spells:

 Your Spells              Type           Power        Failure   Level  Hunger
a - Blink                 Tloc           N/A          9%          2    ###....
b - Shroud of Golubria    Chrm/Tloc      #.........   17%         2    ###....
c - Gell's Gravitas       Tloc           ##........   17%         3    ####...

Your spell library contained the following spells:

 Spells                   Type           Power        Failure   Level  Hunger
 Lesser Beckoning         Tloc           ##........   17%         3    ####...
 Teleport Other           Tloc           ##......     17%         3    ####...
 Passage of Golubria      Tloc           N/A          50%         4    #####..


Dungeon Overview and Level Annotations

Branches:
Dungeon (4/15)
 Temple: D:4-7

Altars:
Ashenzari
Nemelex Xobeh
Ru
Uskayaw

Annotations:
D:3 Grinder


Innate Abilities, Weirdness & Mutations

Your plain brown scales are hard. (AC +5)
You cannot fit into any form of body armour.
You are cold-blooded and may be slowed by cold attacks.


Message History

Aim: an ogre, wielding a +0 giant club
Okay, then.
Evoke which item? (* to show all) (? for menu, Esc to quit)
That's the wrong kind of item! (Use * to select it.) Evoke which item? (* to show all) (? for menu, Esc to quit)
You don't have any such object.
Evoke which item? (* to show all) (? for menu, Esc to quit)
Aiming: Random Effects
Press: ? - help, Shift-Dir - straight line, f/p - ogre
Aim: an ogre, wielding a +0 giant club
Okay, then.
Evoke which item? (* to show all) (? for menu, Esc to quit)
Aiming: Random Effects
Press: ? - help, Shift-Dir - straight line, f/p - ogre
Aim: an ogre, wielding a +0 giant club The ogre flickers and vanishes!
Deactivating autopickup; reactivate with Ctrl-A.
* * * LOW HITPOINT WARNING * * *
You feel sick. The worker ant bites you.
You die...

#.....# ###+#.#
#####.#.########
................
##########.#######.
#.......<..#
#.....{....#
#...o{ยง....#
#..@a.o....#
#..........o..#
###########.o.###
###...# #.o.# #...#
!.a..'...'..o.(.
.....#...#.O...?
....##.$.##.....


You could see a worker ant, 3 orc wizards and an orc.

Vanquished Creatures
  An orc wizard (D:2)
  Ijyb (D:3)
  A gnoll (D:1)
  3 adders (D:2)
  2 oozes (D:2)
  3 worms (D:2)
  7 dart slugs
  4 leopard geckos
  4 orcs
  A giant cockroach (D:1)
  8 goblins
  7 hobgoblins
  11 kobolds
  A quokka (D:3)
  10 bats
  4 frilled lizards
  4 rats
72 creatures vanquished.

Notes
Turn   | Place    | Note
-------+----------+-------------------------------------------
     0 | D:1      | psyvane the Draconian Warper began the quest for the Orb.
     0 | D:1      | Reached XP level 1. HP: 17/17 MP: 3/3
   231 | D:1      | Reached XP level 2. HP: 22/24 MP: 5/5
   316 | D:1      | Reached skill level 3 in Maces & Flails
   665 | D:1      | Reached XP level 3. HP: 11/29 MP: 6/6
  1072 | D:1      | HP: 1/29 [gnoll/+0 whip (5)]
  1073 | D:1      | Reached skill level 4 in Maces & Flails
  1781 | D:2      | Reached XP level 4. HP: 36/36 MP: 7/7
  1898 | D:2      | Learned a level 2 spell: Blink
  2760 | D:2      | Reached skill level 5 in Maces & Flails
  3170 | D:2      | Reached XP level 5. HP: 27/41 MP: 8/8
  3174 | D:2      | Learned a level 2 spell: Shroud of Golubria
  3178 | D:2      | Learned a level 3 spell: Gell's Gravitas
  3478 | D:3      | Noticed Grinder
  3972 | D:3      | Noticed Ijyb
  3993 | D:3      | Killed Ijyb
  4022 | D:3      | Found a sacrificial altar of Ru.
  4025 | D:3      | Found a sparkling altar of Nemelex Xobeh.
  4025 | D:3      | Found a hide-covered altar of Uskayaw.
  4027 | D:3      | Found a shattered altar of Ashenzari.
  4099 | D:3      | Paralysed by Grinder for 5 turns
  4108 | D:3      | Paralysed by Grinder for 3 turns
  4284 | D:4      | Noticed an ogre
  4306 | D:4      | Slain by a worker ant

Skill      XL: |  1  2  3  4 |
---------------+-------------+-----
Maces & Flails | 3 4 5 |  5.4
Fighting       | |  2.1
Throwing       | |  0.8
Dodging        | |  2.1
Spellcasting   | |  2.0
Charms         | |  0.2
Translocations | |  3.5

Action                   |  1- 3 |  4- 6 || total
-------------------------+-------+-------++-------
Melee: Mace              |   108 |   179 ||   287
       Tailslap          |    11 |    19 ||    30
 Cast: Blink             |       |     5 ||     5
       Shroud of Golubri |       |     3 ||     3
Evoke: Wand              |       |     1 ||     1
  Use: Scroll            |       |     5 ||     5
       Potion            |       |     1 ||     1
  Eat: Chunk             |     2 |     6 ||     8
       Ration            |       |     1 ||     1
Armor: Skin              |    32 |    43 ||    75
Dodge: Dodged            |    81 |   137 ||   218
